 Dungeon Crawl Stone Soup version 0.20.1-1-g8b1a95d (webtiles) character file.

191659 Timson the Bludgeoner (level 17, -2/163 HPs)
             Began as a Minotaur Berserker on July 8, 2017.
             Was a High Priest of Trog.
             Killed by the raging water
             ... invoked by a water nymph
              (20 damage)
             ... on level 3 of the Shoals on July 13, 2017.
             The game lasted 07:21:08 (33405 turns).

Timson the Bludgeoner (Minotaur Berserker)         Turns: 33405, Time: 07:21:08

Health: -2/163     AC: 40    Str: 31    XL:     17   Next: 58%
Magic:  6/16       EV: 17    Int:  4    God:    Trog [*****.]
Gold:   1399       SH: 11    Dex: 19    Spells: 16/16 levels left

rFire    + . .     SeeInvis .   A - +9 mace (protect)
rCold    . . .     Gourm    .   H - +1 buckler {rN+}
rNeg     + + .     Faith    .   L - +7 plate armour of the Wild Haggis {rPois rN+ Stlth+}
rPois    +         Spirit   .   (helmet restricted)
rElec    .         Reflect  +   G - +0 cloak
rCorr    +         Harm     .   m - +2 pair of gloves
MR       +....                  d - +2 pair of boots
Stlth    ..........             g - +3 amulet of reflection
Regen    0.4/turn               P - ring of Gaid Vez {rF+ Str+4 Dex+7}
MPRegen  0.2/turn               o - ring of resist corrosion

@: engulfed (cannot breathe), protection aura, berserk cooldown, mesmerised,
very slightly contaminated, slowed, drained, invisible, very slow
A: retaliatory headbutt, horns 2
}: 1/15 runes: gossamer
a: Berserk, Trog's Hand, Brothers in Arms, Burn Spellbooks, Renounce Religion


You were on level 3 of the Shoals.
You worshipped Trog.
Trog was extremely pleased with you.
You were hungry.

You visited 5 branches of the dungeon, and saw 23 of its levels.

You collected 1519 gold pieces.
You spent 120 gold pieces at shops.

Inventory:

Hand Weapons
 x - a +3 antimagic great mace
 A - a +9 mace of protection (weapon)
 M - a +4 morningstar of protection
 R - a +3 mace of draining
 V - a +2 broad axe of holy wrath
 W - a +4 antimagic executioner's axe
Missiles
 a - 4 javelins of returning
 c - 8 silver javelins
 i - 14 curare-tipped needles
 u - 15 poisoned javelins (quivered)
 D - 19 tomahawks
 F - 18 poisoned needles
 S - 5 tomahawks of dispersal
Armour
 d - a +2 pair of boots (worn)
 m - a +2 pair of gloves (worn)
 G - a +0 cloak (worn)
 H - a +1 buckler of positive energy (worn)
 L - the +7 plate armour of the Wild Haggis (worn) {rPois rN+ Stlth+}
   (You found it on level 8 of the Dungeon)

   It protects you from poison.
   It protects you from negative energy.
   It makes you more stealthy.
Jewellery
 g - a +3 amulet of reflection (around neck)
 l - an uncursed amulet of the gourmand
 o - a ring of resist corrosion (right hand)
 P - the ring of Gaid Vez (left hand) {rF+ Str+4 Dex+7}
   (You found it on level 2 of the Spider Nest)

   [ring of protection from fire]

   It affects your strength (+4).
   It affects your dexterity (+7).
   It protects you from fire.
 Q - an uncursed ring of flight
Wands
 k - a wand of iceblast (8/15)
 v - a wand of confusion (17/48)
 z - a wand of digging (1/24)
 B - a wand of lightning (3/15)
 E - a wand of disintegration (15/24)
 I - a wand of paralysis (2/24)
 T - a wand of enslavement (15/24)
 U - a wand of flame (20/48)
 Y - a wand of polymorph (17/24)
Scrolls
 e - 2 scrolls of blinking
 y - 11 scrolls of remove curse
 C - 4 scrolls of fog
 K - 4 scrolls of magic mapping
 N - 5 scrolls of teleportation
 O - 2 scrolls of recharging
 X - a scroll of fear
Potions
 b - a potion of ambrosia
 j - a potion of haste
 n - 2 potions of might
 p - 3 potions of agility
 q - 3 potions of cancellation
 r - 2 potions of invisibility
 t - 14 potions of curing
 J - 3 potions of flight
Comestibles
 f - 30 royal jellies
 h - 12 meat rations


   Skills:
 + Level 18.0(17.8) Fighting
 + Level 19.0(18.8) Maces & Flails
 - Level 9.0(8.8) Throwing
 - Level 17.0(16.7) Armour
 + Level 12.6(12.4) Dodging
 - Level 9.3(9.1) Shields


You had 16 spell levels left.
You didn't know any spells.

Dungeon Overview and Level Annotations

Branches:
Dungeon (9/15)             Temple (1/1) D:5            Lair (6/6) D:8
 Shoals (3/4) Lair:4       Spider (4/4) Lair:4        Slime (0/5) Lair:6
    Orc: D:9-12

Altars:
Ashenzari
Dithmenos
Elyvilon
Fedhas
Gozag
Kikubaaqudgha
Makhleb
Nemelex Xobeh
Okawaru
Qazlal
Ru
Sif Muna
Trog
Uskayaw
Vehumet
Xom
Yredelemnul
Zin
The Shining One
Beogh
Jiyva

Shops:
D:7 [   Shoals:1 =   Shoals:2 :   Shoals:3 (

Annotations:
D:6 exclusion: oklob plant
Lair:5 exclusion: 4 oklob plants
Shoals:3 Begomoth's ghost, adept GrEE


Innate Abilities, Weirdness & Mutations

You reflexively headbutt those who attack you in melee.
You have a pair of horns on your head.


Message History

The merfolk hits you but does no damage.
The water elemental hits you.
The water elemental engulfs you in water!
The manticore flicks its tail.
The volley of spikes hits the water nymph.
The water nymph touches you. The water nymph drowns you!
* * * LOW HITPOINT WARNING * * *
Unknown command.
Okay, then.
You cannot read scrolls while unable to breathe!
You hit the water nymph.
Your weapon exudes an aura of protection.
The water nymph is almost dead.
* * * LOW HITPOINT WARNING * * *
Your lungs strain for air!
The merfolk impaler hits you from afar with a trident.
* * * LOW HITPOINT WARNING * * *
The water nymph gestures at you while chanting.
The water swirls and strikes you!
You die...

≈≈≈≈≈≈≈≈≈≈≈≈.....8......
≈≈≈≈≈≈≈≈≈Xw≈............
≈≈≈≈≈≈≈≈≈≈≈....8.∩.8....
≈≈≈X≈≈≈≈≈≈*\..........P.
.≈≈≈≈≈≈≈≈..\\....8......
..≈≈≈≈≈.(...*≈≈mH.......
...≈≈≈≈<(...w≈mm)m≈PP...
#≈..≈≈......│kmmmm≈≈P≈..
...≈≈≈...#..│mm≈@E≈≈P≈..P
..≈≈≈≈.......\mw.E.PPPP≈≈
.≈≈≈≈≈≈.......V..PP.≈≈≈≈≈
≈≈≈≈≈≈≈≈≈≈...<...P.^.P≈..
≈≈≈≈≈≈≈≈≈≈....(.#...≈PP.≈
≈≈≈≈≈≈.(≈..#.......≈.P.≈≈
≈≈....###...<..P.....
≈≈...(######...≈..###
≈≈≈......(##Pm.≈.P.P#


You could see a kraken, a merfolk impaler, a merfolk aquamancer, a wind drake, 6
merfolk, a manticore, 3 tentacles, 2 water elementals, a merfolk siren and 2
water nymphs.

Vanquished Creatures
  Nikola (Spider:3)
  Arachne (Spider:4)
  Roxanne (Spider:4)
  3 azure jellies (Lair:6)
  8 emperor scorpions
  5 ghost moths
  3 entropy weavers
  A spark wasp (Spider:3)
  2 merfolk javelineers (Shoals:2)
  Snorg (Lair:6)
  6 hydras
  A catoblepas (Lair:4)
  An alligator snapping turtle (Shoals:1)
  A merfolk aquamancer (Shoals:1)
  3 two-headed ogres
  A merfolk avatar (Shoals:1)
  7 sea snakes
  Pikel (D:8)
  A lindwurm (Lair:6)
  16 harpies
  12 fauns
  20 orb spiders
  26 wolf spiders
  7 manticores
  3 oklob plants
  A cyclops (Shoals:2)
  5 moths of wrath
  4 merfolk sirens
  6 elephants (Lair:4)
  3 water nymphs
  A molten gargoyle (Lair:4)
  7 spiny frogs
  5 torpor snails
  3 black mambas
  8 rime drakes
  4 komodo dragons
  16 demonic crawlers
  2 queen bees
  3 wind drakes (Shoals:1)
  32 jumping spiders
  Grinder (D:6)
  11 merfolk
  5 polar bears (Lair:6)
  2 meliai (Lair:4)
  17 blink frogs
  15 hornets
  5 snapping turtles
  6 dream sheep (Lair:6)
  13 hippogriffs
  25 yaks
  11 water elementals
  37 tarantellas
  60 redbacks
  12 spriggans
  4 wyverns
  6 basilisks
  A hungry ghost (D:7)
  Menkaure (D:6)
  A warg (Lair:3)
  2 soldier ants (D:8)
  9 water moccasins
  11 porcupines
  2 ice beasts
  2 black bears
  A slave (D:8)
  4 boggarts (Lair:6)
  28 wolves
  10 centaurs
  6 ogres
  10 crocodiles
  13 bullfrogs
  A wyvern skeleton (D:7)
  2 scorpions (Lair:4)
  50 killer bees
  3 electric eels (Spider:4)
  A howler monkey (D:6)
  3 crimson imps
  5 hounds
  A bullfrog skeleton (D:5)
  3 centaur skeletons
  A jelly (D:7)
  2 orc priests
  3 orc wizards
  A gnoll shaman (D:6)
  Terence (D:3)
  An iguana (D:6)
  7 hell rats (Lair:5)
  9 worker ants
  2 hound skeletons (D:8)
  Robin (D:2)
  4 gnolls (D:6)
  15 adders
  2 shadow imps (D:5)
  An ooze (D:6)
  3 worms
  2 dart slugs
  8 leopard geckos
  12 orcs
  8 bats
  6 giant cockroaches
  15 goblins
  9 hobgoblins
  11 jackals
  6 quokkas
  4 ball pythons
  6 frilled lizards
  8 kobolds
  A leopard gecko skeleton (D:4)
  A leopard gecko zombie (D:5)
  A quokka skeleton (D:4)
  10 rats
  2 rat zombies (D:2)
  2 bushes (D:6)
  7 plants
804 creatures vanquished.

Vanquished Creatures (others)
  A merfolk impaler (Shoals:3)
  A meliai (Lair:4)
  A tarantella (Spider:4)
  2 slaves (D:8)
  A centaur (Shoals:2)
  A killer bee (Lair:4)
  A bush (Lair:5)
  20 fungi
  35 plants
  A tentacle (Shoals:3)
64 creatures vanquished.

Grand Total: 868 creatures vanquished

Notes
Turn   | Place    | Note
-------+----------+-------------------------------------------
     0 | D:1      | Timson the Minotaur Berserker began the quest for the Orb.
     0 | D:1      | Reached XP level 1. HP: 19/19 MP: 0/0
   294 | D:1      | Reached skill level 4 in Maces & Flails
   294 | D:1      | Reached XP level 2. HP: 27/27 MP: 1/1
   740 | D:1      | Reached ** piety under Trog
   740 | D:1      | Reached XP level 3. HP: 34/34 MP: 2/2
  1674 | D:2      | Found a basalt altar of Yredelemnul.
  1730 | D:2      | Noticed Robin
  1759 | D:2      | Found a shattered altar of Ashenzari.
  1775 | D:2      | Killed Robin
  1779 | D:2      | Reached XP level 4. HP: 41/41 MP: 3/3
  1801 | D:2      | Found a white marble altar of Elyvilon.
  1919 | D:2      | Found a radiant altar of Vehumet.
  1919 | D:2      | Found a sparkling altar of Nemelex Xobeh.
  1963 | D:2      | Reached skill level 5 in Fighting
  2152 | D:2      | Reached *** piety under Trog
  2152 | D:2      | Reached skill level 5 in Maces & Flails
  2153 | D:2      | Found an ancient bone altar of Kikubaaqudgha.
  2472 | D:3      | Noticed Terence
  2480 | D:3      | Killed Terence
  2681 | D:3      | Reached XP level 5. HP: 44/48 MP: 4/4
  2784 | D:4      | Found a stormy altar of Qazlal.
  2785 | D:4      | Found a blossoming altar of Fedhas.
  3119 | D:3      | Found a burning altar of Makhleb.
  3548 | D:5      | Entered Level 5 of the Dungeon
  3938 | D:4      | Reached skill level 1 in Shields
  4388 | D:5      | Reached XP level 6. HP: 50/56 MP: 5/5
  4527 | D:5      | Reached skill level 5 in Shields
  4682 | D:5      | Reached XP level 7. HP: 45/62 MP: 6/6
  4926 | D:5      | Found a staircase to the Ecumenical Temple.
  4931 | D:5      | Reached **** piety under Trog
  5024 | Temple   | Entered the Ecumenical Temple
  5279 | D:5      | Reached skill level 6 in Maces & Flails
  5428 | D:5      | Found a glowing golden altar of the Shining One.
  5824 | D:6      | Reached skill level 5 in Armour
  6108 | D:6      | You fall through a shaft!
  6148 | D:6      | Noticed Grinder
  6158 | D:6      | Paralysed by Grinder for 5 turns
  6171 | D:6      | Killed Grinder
  6171 | D:6      | Reached skill level 7 in Maces & Flails
  6171 | D:6      | Reached XP level 8. HP: 70/73 MP: 7/7
  6288 | D:6      | Found a shimmering altar of Xom.
  6355 | D:6      | Noticed Menkaure
  6371 | D:6      | Killed Menkaure
  6791 | D:6      | Found a blossoming altar of Fedhas.
  6824 | D:6      | Noticed an oklob plant
  7016 | D:6      | Reached skill level 8 in Maces & Flails
  7174 | D:7      | Found Vaj Jomm's Armour Shop.
  7244 | D:7      | Noticed a two-headed ogre
  7251 | D:7      | Killed a two-headed ogre
  7251 | D:7      | Reached XP level 9. HP: 83/83 MP: 8/8
  7345 | D:7      | Reached skill level 9 in Maces & Flails
  7583 | D:7      | Reached skill level 5 in Dodging
  7647 | D:8      | Reached skill level 1 in Throwing
  8002 | D:8      | Reached skill level 10 in Fighting
  8041 | D:8      | Got a dazzling plate armour
  8056 | D:8      | Identified the +7 plate armour of the Wild Haggis {rPois rN+ Stlth+} (You found it on level 8 of the Dungeon)
  8137 | D:8      | Noticed Pikel
  8147 | D:8      | Killed Pikel
  8147 | D:8      | Reached skill level 10 in Maces & Flails
  8317 | D:9      | Noticed a two-headed ogre
  8326 | D:8      | Killed a two-headed ogre
  8326 | D:8      | Reached XP level 10. HP: 76/93 MP: 9/9
  8503 | D:8      | Found a staircase to the Lair.
  8622 | D:8      | Reached skill level 11 in Maces & Flails
  8743 | D:8      | Noticed a two-headed ogre
  8776 | D:8      | Killed a two-headed ogre
  9234 | Lair:1   | Entered Level 1 of the Lair of Beasts
  9241 | Lair:1   | Reached skill level 10 in Armour
  9271 | Lair:1   | Reached skill level 12 in Maces & Flails
  9481 | Lair:1   | Reached XP level 11. HP: 91/99 MP: 10/10
 10006 | Lair:1   | Reached skill level 13 in Maces & Flails
 11305 | Lair:2   | Got a smoking whip
 11459 | Lair:2   | Found a shadowy altar of Dithmenos.
 11459 | Lair:2   | Noticed an oklob plant
 11882 | Lair:2   | Killed an oklob plant
 12560 | Lair:3   | Reached skill level 14 in Maces & Flails
 12560 | Lair:3   | Reached XP level 12. HP: 99/110 MP: 11/11
 12656 | Lair:3   | Noticed a seven-headed hydra
 12668 | Lair:3   | Killed a seven-headed hydra
 13321 | Lair:4   | Reached ***** piety under Trog
 13717 | Lair:4   | Received a gift from Trog
 14040 | Lair:4   | Noticed a catoblepas
 14092 | Lair:4   | Killed a catoblepas
 14092 | Lair:4   | Reached skill level 15 in Maces & Flails
 14477 | Lair:4   | Received a gift from Trog
 14703 | Lair:4   | Reached XP level 13. HP: 82/122 MP: 12/12
 15043 | Lair:4   | Found a hole to the Spider Nest.
 15222 | Lair:4   | Found a staircase to the Shoals.
 15730 | Shoals:1 | Entered Level 1 of the Shoals
 16367 | Shoals:1 | Found Gungi's Jewellery Boutique.
 16378 | Shoals:1 | Bought a +2 ring of strength for 120 gold pieces
 16600 | Shoals:1 | Reached skill level 16 in Maces & Flails
 18714 | Lair:5   | Reached skill level 15 in Fighting
 18714 | Lair:5   | Reached skill level 17 in Maces & Flails
 18714 | Lair:5   | Reached XP level 14. HP: 135/135 MP: 13/13
 18836 | Lair:6   | Entered Level 6 of the Lair of Beasts
 19178 | Lair:5   | Received a gift from Trog
 19193 | Lair:5   | Reached XP level 15. HP: 133/141 MP: 14/14
 19887 | Lair:5   | Reached skill level 10 in Dodging
 20289 | Lair:6   | Received a gift from Trog
 20381 | Lair:6   | Found a runed door.
 20384 | Lair:6   | Found a viscous altar of Jiyva.
 20384 | Lair:6   | Noticed an azure jelly
 20384 | Lair:6   | Noticed an azure jelly
 20385 | Lair:6   | Found a staircase to the Slime Pits.
 20385 | Lair:6   | Noticed an azure jelly
 20393 | Lair:6   | Killed an azure jelly
 20396 | Lair:6   | Killed an azure jelly
 20403 | Lair:6   | Killed an azure jelly
 20453 | Lair:6   | Noticed Snorg
 20472 | Lair:6   | Killed Snorg
 21279 | Lair:6   | Found a sparkling altar of Nemelex Xobeh.
 21525 | Spider:1 | Entered Level 1 of the Spider Nest
 21559 | Spider:1 | Got a shimmering ring mail
 21583 | Spider:1 | Identified the cursed +0 ring mail "Monyceer" {*Drain rF+ SInv} (You found it on level 1 of the Spider Nest)
 22400 | Spider:1 | Reached skill level 18 in Maces & Flails
 22605 | Spider:1 | Found a roughly hewn altar of Beogh.
 24034 | Spider:2 | Received a gift from Trog
 24388 | Spider:2 | Reached XP level 16. HP: 155/155 MP: 15/15
 25035 | Spider:2 | Reached skill level 15 in Armour
 25594 | Spider:2 | Got an ancient lapis lazuli ring
 25596 | Spider:2 | Identified the ring of Gaid Vez {rF+ Str+4 Dex+7} (You found it on level 2 of the Spider Nest)
 25972 | Spider:4 | Entered Level 4 of the Spider Nest
 26154 | Spider:3 | Noticed Nikola
 26170 | Spider:3 | Killed Nikola
 26983 | Spider:4 | Noticed Arachne
 26988 | Spider:3 | Reached skill level 19 in Maces & Flails
 27573 | Spider:4 | Killed Arachne
 27573 | Spider:4 | Received a gift from Trog
 27573 | Spider:4 | Reached skill level 5 in Throwing
 28370 | Spider:4 | Received a gift from Trog
 28446 | Spider:4 | Noticed Roxanne
 28497 | Spider:4 | Killed Roxanne
 28498 | Spider:4 | Identified Roxanne's Grimoire of the Forest (You took it off Roxanne on level 4 of the Spider Nest)
 30181 | Spider:4 | Reached XP level 17. HP: 163/163 MP: 0/16
 30197 | Spider:4 | Received a gift from Trog
 30249 | Spider:4 | Reached ****** piety under Trog
 30513 | Spider:4 | Got a gossamer rune of Zot
 31675 | Shoals:2 | Received a gift from Trog
 31960 | Shoals:2 | Received a gift from Trog
 32196 | Shoals:2 | Found Eskudaabi's Book Shop.
 32317 | Shoals:2 | You fall through a shaft!
 32329 | Shoals:3 | Noticed Begomoth's ghost (adept GrEE)
 33154 | Shoals:2 | Received a gift from Trog
 33395 | Shoals:3 | Noticed a kraken
 33405 | Shoals:3 | Killed from afar by a water nymph

Skill      XL: |  1  2  3  4  5  6  7  8  9 10 11 12 13 14 15 16 17 |
---------------+----------------------------------------------------+-----
Fighting       | 4 5 7 9 10 11 13 15 17 18 | 18.0
Maces & Flails | 4 5 7 8 10 12 14 15 17 18 19 | 19.0
Armour         | 3 4 6 7 8 10 11 12 13 14 16 17 | 17.0
Shields        | 2 5 7 8 9 |  9.3
Dodging        | 4 5 8 9 10 11 12 | 12.6
Throwing       | 3 4 7 9 |  9.0

Action                   |  1- 3 |  4- 6 |  7- 9 | 10-12 | 13-15 | 16-18 || total
-------------------------+-------+-------+-------+-------+-------+-------++-------
Melee: Mace              |    86 |   178 |   328 |   796 |   989 |   694 ||  3071
       Headbutt          |    10 |    38 |    83 |   191 |   253 |   281 ||   856
       Great mace        |       |       |       |       |       |    71 ||    71
       Broad axe         |       |       |       |       |       |    16 ||    16
       Executioner's axe |       |       |       |       |       |     2 ||     2
Throw: Tomahawk          |       |       |    12 |       |    45 |    86 ||   143
       Javelin           |       |       |       |       |    16 |    26 ||    42
Invok: Trog's Hand       |       |       |     2 |     8 |     3 |     8 ||    21
       Berserk           |       |       |     3 |     7 |     8 |     8 ||    26
       Burn Spellbooks   |       |       |       |     3 |       |     1 ||     4
Evoke: Wand              |       |       |     1 |     2 |       |     1 ||     4
  Use: Scroll            |     7 |     9 |    10 |    12 |    13 |     6 ||    57
       Potion            |       |       |       |     7 |     6 |    11 ||    24
 Stab: Invisible         |       |       |       |     9 |       |       ||     9
       Petrified         |       |       |       |     2 |       |       ||     2
       Petrifying        |       |       |       |     1 |       |       ||     1
  Eat: Chunk             |     3 |     1 |    16 |    22 |    26 |    13 ||    81
       Bread ration      |       |     2 |       |     1 |     2 |     5 ||    10
       Fruit             |       |       |     1 |     2 |     7 |       ||    10
       Royal jelly       |       |       |       |     1 |       |       ||     1
       Meat ration       |       |       |       |       |       |     1 ||     1
Armor: Animal skin       |     8 |       |       |       |       |       ||     8
       Chain mail        |    26 |    34 |       |       |       |       ||    60
       Scale mail        |       |    35 |   114 |    20 |     1 |       ||   170
       Plate armour      |       |       |     6 |   459 |   749 |   774 ||  1988
Dodge: Dodged            |    59 |    81 |   108 |   339 |   480 |   720 ||  1787
Block: Buckler           |       |     4 |    86 |   268 |   429 |   533 ||  1320
       Reflection        |       |       |       |       |     7 |    36 ||    43
       Other             |       |       |       |       |       |    17 ||    17
